 Dungeon Crawl Stone Soup version 0.29.1-15-g9cfb28693d (webtiles) character file.

Game seed: 5701307296284564512

27 protoss039 the Digger (level 2, 0/21 HPs)
             Began as a Demonspawn Earth Elementalist on Mar 25, 2023.
             Slain by a gnoll
             ... wielding a +0 spear
              (7 damage)
             ... on level 2 of the Dungeon.
             The game lasted 00:01:23 (1127 turns).

protoss039 the Digger (DsEE)                        Turns: 1127, Time: 00:01:24

Health: 0/21       AC:  5    Str:  8    XL:     2   Next: 93%
Magic:  5/5        EV: 11    Int: 16    God:
Gold:   68         SH:  0    Dex: 13    Spells: 2/5 levels left

rFire   + . .      SeeInvis .   j - +1 dagger (vamp)
rCold   + . .      Faith    .   (no shield)
rNeg    . . .      Spirit   .   i - +0 leather armour
rPois   +          Reflect  .   (no helmet)
rElec   +          Harm     .   (no cloak)
rCorr   +          Rampage  .   (no gloves)
Will    .....                   (no boots)
Stlth   ++........              (no amulet)
HPRegen 0.07/turn               (no ring)
MPRegen 0.09/turn               (no ring)

@: resistant
A: molten scales 1
a: no special abilities


You were on level 2 of the Dungeon.
You visited 1 branch of the dungeon, and saw 2 of its levels.

You collected 68 gold pieces.

Inventory:

Hand Weapons
 j - a +1 vampiric dagger (weapon)
Missiles
 e - 6 poisoned darts
Armour
 i - a +0 leather armour (worn)
Scrolls
 h - 3 scrolls of amnesia
Potions
 b - a potion of magic
 d - a potion of resistance
 g - a potion of invisibility {unknown}


   Skills:
 + Level 1.1 Fighting
 * Level 0.5 Armour
 - Level 1.7 Dodging
 - Level 1.7 Stealth
 + Level 2.4 Spellcasting
 + Level 1.0 Transmutations
 + Level 3.0 Earth Magic


You had 2 spell levels left.
You knew the following spells:

 Your Spells              Type           Power      Damage    Failure   Level
a - Sandblast             Erth           22%        2d7       9%          1
b - Passwall              Tmut/Erth      6%         N/A       19%         2

Your spell library contained the following spells:

 Spells                   Type           Power      Damage    Failure   Level
 Stone Arrow              Conj/Erth      12%        3d7       41%         3
 Frozen Ramparts          Ice            2%         1d1       63%         3
 Petrify                  Tmut/Erth      8%         N/A       77%         4
 Ice Form                 Ice/Tmut       3%         N/A       92%         4
 Summon Ice Beast         Ice/Summ       1%         N/A       95%         4


Dungeon Overview and Level Annotations

Branches:
Dungeon (2/15) Zot: 10863

Altars:


Innate Abilities, Weirdness & Mutations

You are partially covered in molten scales. (AC +2)


Message History

A frilled lizard and an adder come into view.
The frilled lizard hisses angrily.
A gnoll comes into view. It is wielding a +0 halberd.
The bat closely misses you.
The gnoll throws a throwing net.
The throwing net hits you.
You become entangled in the net!
The adder moves out of view.
You see here a throwing net.
Unknown command.
Okay, then.
As you read the scroll labelled NOCWUT KOSIA, it crumbles to dust.
You feel aware of your surroundings.
It was a scroll of magic mapping.
The gnoll shouts!
You hear an angry hiss.
The bat hits you but does no damage.
Unknown command.
As you read the scroll labelled WUTYROUGOJ, it crumbles to dust.
It is a scroll of identify.
h - 3 scrolls of amnesia The bat hits you but does no damage.
The gnoll hits you but does no damage. x2
Okay, then.
Okay, then.
It was a potion of resistance.
You feel protected. The bat hits you but does no damage.
The gnoll barely misses you.
A hobgoblin comes into view.
The gnoll barely misses you.
Unknown command.
You struggle against the net.
The bat hits you but does no damage. The gnoll barely misses you.
The gnoll hits you with a +0 club.
The gnoll hits you from afar with a +0 spear.
Unknown command.
You tear a large gash into the net.
The bat closely misses you. The bat hits you but does no damage.
The gnoll barely misses you. The gnoll hits you with a +0 club.
The gnoll hits you but does no damage.
Unknown command.
You shred the net and break free! The bat hits you but does no damage.
The adder bites you but does no damage.
The gnoll hits you from afar with a +0 spear.
The gnoll closely misses you.
The gnoll hits you from afar with a +0 spear!
You die...

,********,,*#...,,,,,,,,,>#
,,**,,,,,,,,........,,,,.)#
*,,*,,,*****#....>.,,,,...*
**,,**,,,,**#......,,,,..**
***,,****,,##.....,,*,,.#* *
**,,,***,,......#####.#### * *
***,,,,,,,#b..#.(.......# * *
****,,..####lg#.........# *
****,,,,*#.g.gg.@..........# **
*,,,,****.....gS...#..###.## *,
*,*****,,.###.......?...#.# *,
*,****,,**.....#...####...###***,
,,**,,,**#.##..#.#.# ###...#*,,,
,***,****.,#.......# #####..##.#.
,,**,***,,#.?.##..####.........#.
,,**,*,,,*!.##*#.......#########.
,,**,*,**,,,* *#.###...#######<..


You could see 4 gnolls, an adder, a hobgoblin, a bat and a frilled lizard.

Vanquished Creatures
  An adder (D:2)
  2 ball pythons
  2 bats (D:1)
  An endoplasm (D:1)
  3 goblins
  A hobgoblin (D:1)
  A quokka (D:1)
  3 frilled lizards (D:1)
  A kobold (D:1)
  3 rats (D:1)
18 creatures vanquished.

Notes
Turn   | Place    | Note
-------+----------+-------------------------------------------
     0 | D:1      | protoss039 the Demonspawn Earth Elementalist began the
                  | quest for the Orb.
     0 | D:1      | Reached XP level 1. HP: 13/13 MP: 3/3
   409 | D:1      | Gained mutation: You are partially covered in molten
                  | scales. (AC +2) [demonic ancestry]
   409 | D:1      | Reached XP level 2. HP: 20/20 MP: 1/5
   644 | D:1      | Reached skill level 1 in Fighting
   666 | D:1      | Reached skill level 3 in Earth Magic
  1042 | D:1      | Learned a level 2 spell: Passwall
  1095 | D:2      | Reached skill level 1 in Transmutations
  1127 | D:2      | Slain by a gnoll

Illustrated notes

Levels and vault maps discovered:
D:1:      ncdulo_smallfort, layout_loops_corners
D:2:      layout_rooms, minmay_distorted, uniq_crazy_yiuf_cottage

Skill      XL: |  1  2 |
---------------+-------+-----
Fighting       | 1 |  1.1
Earth Magic    | 3 |  3.0
Transmutations | 1 |  1.0
Armour         | |  0.5
Dodging        | |  1.7
Stealth        | |  1.7
Spellcasting   | |  2.4

Action                   || total
-------------------------++-------
Melee: Dagger            ||    16
       Unarmed           ||     1
       Punch             ||     1
 Cast: Sandblast         ||    20
  Use: Scroll            ||     2
       Potion            ||     1
 Stab: Sleeping          ||     2
Armor: Leather armour    ||    20
Dodge: Dodged            ||    25
